 Dungeon Crawl Stone Soup version 0.25-a0-589-g1e14c549ee (webtiles) character file.

Game seed: 6914667041164426279, levelgen mode: deterministic

5968 n0claF the Basher (level 10, -2/67 HPs)
             Began as a Demonspawn Gladiator on Mar 12, 2020.
             Was a Believer of Qazlal.
             Killed from afar by a gargoyle (10 damage)
             ... with a stone arrow
             ... on level 9 of the Dungeon.
             The game lasted 00:35:22 (8366 turns).

n0claF the Basher (Demonspawn Gladiator)            Turns: 8366, Time: 00:35:23

Health: -2/67      AC: 22    Str: 18    XL:     10   Next: 55%
Magic:  0/10       EV:  7    Int: 17    God:    Qazlal [**....]
Gold:   341        SH:  2    Dex: 18    Spells: 9/9 levels left

rFire    . . .     SeeInvis .   z - +10 mace of Unpleasantness {venom, rPois Int+4}
rCold    . . .     Gourm    .   (no shield)
rNeg     . . .     Faith    .   k - +0 plate armour
rPois    +         Spirit   +   c - +0 helmet
rElec    .         Reflect  .   x - +2 cloak {rPois}
rCorr    .         Harm     .   G - +0 pair of gloves
MR       .....                  (no boots)
Stlth    ..........             (no amulet)
HPRegen  0.21/turn              l - +4 ring of intelligence
MPRegen  0.12/turn              p - +3 ring of dexterity

@: about to teleport
A: hooves 2, molten scales 2, demonic guardian 1, magic shield
a: Upheaval, Renounce Religion


You were on level 9 of the Dungeon.
You worshipped Qazlal.
Qazlal was pleased with you.
You were not hungry.

You visited 2 branches of the dungeon, and saw 10 of its levels.
You also visited: Sewer.

You collected 341 gold pieces.

Inventory:

Hand Weapons
 g - the +11 mace of Huarch {protect, Fragile rF+ rN+}
   (You found it on level 4 of the Dungeon)

   It grants its wielder temporary protection when it strikes (+7 to AC).
   It protects you from fire.
   It protects you from negative energy.
   It will be destroyed if unequipped.
 z - the +10 mace of Unpleasantness (weapon) {venom, rPois Int+4}
   (You found it on level 4 of the Dungeon)

   It poisons the flesh of those it strikes.
   It affects your intelligence (+4).
   It protects you from poison.
 A - a +3 quarterstaff of chaos
   (You took it off Crazy Yiuf on level 4 of the Dungeon)
Missiles
 d - 3 throwing nets (quivered) {!f}
Armour
 c - a +0 helmet (worn)
 k - a +0 plate armour (worn)
   (You found it on level 1 of the Dungeon)
 m - a +3 chain mail of fire resistance
   (You took it off Terence on level 2 of the Dungeon)
 x - a +2 cloak of poison resistance (worn)
   (You took it off Crazy Yiuf on level 4 of the Dungeon)
 G - a +0 pair of gloves (worn)
   (You found it on level 9 of the Dungeon)
Jewellery
 l - a +4 ring of intelligence (left hand)
   (You found it on level 1 of the Dungeon)
 p - a +3 ring of dexterity (right hand)
   (You found it on level 3 of the Dungeon)
 B - an uncursed amulet of harm
   (You took it off an orc on level 8 of the Dungeon)
 D - an uncursed amulet of the acrobat
   (You found it on level 7 of the Dungeon)
 E - an uncursed ring of fire
   (You found it on level 8 of the Dungeon)
Wands
 u - a wand of paralysis (11)
   (You found it on level 8 of the Dungeon)
 v - a wand of digging (6)
   (You found it on level 6 of the Dungeon)
Scrolls
 f - 2 scrolls of identify {@r1}
 j - a scroll of random uselessness {unknown}
 q - a scroll of immolation {!r}
 t - a scroll of magic mapping
 w - a scroll of amnesia {unknown}
 y - 2 scrolls of blinking
 C - a scroll of holy word {unknown}
 F - 2 scrolls of teleportation {@r4}
Potions
 a - 2 potions of magic
 b - 4 potions of flight
 h - 3 potions of stabbing
 i - 3 potions of heal wounds {@q2}
 n - 3 potions of might
 o - 6 potions of curing {@q1}
 r - a potion of lignification {unknown}
 s - 2 potions of resistance
Comestibles
 e - 21 rations {!d}
 H - 3 chunks of flesh


   Skills:
 - Level 2.0 Fighting
   Level 5.9 Long Blades
   Level 3.7(7.4) Axes
 * Level 10.0(10.3) Maces & Flails
 - Level 1.7 Throwing
 + Level 8.3 Armour
 - Level 2.6 Dodging


You had 9 spell levels left.
You didn't know any spells.
Your spell library was empty.

Dungeon Overview and Level Annotations

Branches:
Dungeon (9/15)             Temple (1/1) D:6            Lair (0/6) D:8
  Sewer (visited)
    Orc: D:9-12

Altars:
Ashenzari
Cheibriados
Dithmenos
Fedhas
Gozag
Hepliaklqana
Kikubaaqudgha
Makhleb
Nemelex Xobeh
Qazlal
Ru
Sif Muna
Trog
Uskayaw
Vehumet
Wu Jian
Xom
Yredelemnul
Zin
The Shining One

Annotations:
D:4 Eustachio
D:7 2 transporters, Caun's ghost, novice HOFi


Innate Abilities, Weirdness & Mutations

You have hoof-like feet.
You are mostly covered in molten scales. (AC +3)
A weak demonic guardian rushes to your aid.
When hurt, damage is shared between your health and your magic reserves.


Message History

The sky beast barely misses you.
You sock the sky beast!
You kill the sky beast!
Qazlal accepts your kill.
You start resting.
A gargoyle comes into view. It is wielding a +0 mace.
A gargoyle is nearby!
A gargoyle is nearby!
The gargoyle hurls a stone arrow at you.
The stone arrow hits you.
Your shadow imp barely misses the gargoyle.
Your shadow imp hits the gargoyle but does no damage.
The gargoyle hurls a stone arrow at you.
The stone arrow misses you.
Your shadow imp barely misses the gargoyle.
The gargoyle hurls a stone arrow at you.
The stone arrow hits your quasit!
Your shadow imp barely misses the gargoyle.
Your quasit bites the gargoyle.
Your quasit claws the gargoyle but does no damage. x2
The gargoyle hurls a stone arrow at you.
The stone arrow hits your quasit!
Your quasit dies!
Your shadow imp hits the gargoyle but does no damage.
There is an open door here.
You open the door.
A cyclops and a zombie come into view.
The cyclops shouts!
The cyclops throws a large rock.
The large rock hits you but does no damage.
The cyclops throws a large rock.
The large rock hits you!!
* * * LOW HITPOINT WARNING * * *
There is an open door, spattered with blood here.
You see here a large rock.
Your ufetubus hits the cyclops but does no damage.
Your ufetubus hits the cyclops.
The cyclops throws a large rock.
The large rock barely misses your ufetubus.
The large rock hits you!!
* * * LOW HITPOINT WARNING * * *
The gargoyle hurls a stone arrow at you.
The stone arrow hits you.
* * * LOW HITPOINT WARNING * * *
You see here a large rock.
As you read the scroll of teleportation {@r4}, it crumbles to dust.
You feel strangely unstable.
Your ufetubus hits the cyclops but does no damage.
Your ufetubus barely misses the cyclops.
The gargoyle hurls a stone arrow at you.
The stone arrow hits you!
You die...

.............#####.#+#######
...................#.......#
...................#.......#
####'####..........#.......#
........#..........#.......#
........#>..9......#.......#
........#.###......'.......#
9.......#.###......#.......#
........#.......@..#.......#
........#.....(ยง...#.......#
........######(#####.......#
........##.................#
##+#######.................#
#.(..Z............+
#..5.....##.......# #
#..C.....##.......# ...
#........##.......#


You could see a cyclops, a gargoyle and a friendly ufetubus.

Vanquished Creatures
  A hydra (D:8)
  A cyclops (D:9)
  A troll (D:9)
  A hornet (D:8)
  2 dream sheep (D:8)
  A hungry ghost (D:8)
  2 yaks (D:8)
  2 porcupines (D:8)
  An ice beast (D:8)
  An orc warrior (D:8)
  An eye of draining (D:8)
  2 sky beasts
  3 phantoms
  A necrophage (D:8)
  3 ogres
  5 big kobolds
  6 bullfrogs
  A water moccasin skeleton (D:5)
  2 scorpions
  6 killer bees (D:7)
  4 wights (D:2)
  A howler monkey (D:6)
  2 crimson imps
  5 jellies
  4 hounds
  5 orc wizards
  A bullfrog skeleton (D:4)
  2 centaur skeletons
  2 centaur zombies
  Terence (D:2)
  Natasha (thrice) (D:2)
  An iguana (D:6)
  4 worker ants
  Ijyb (D:3)
  A hound zombie (D:9)
  A hound skeleton (D:8)
  A worker ant zombie (D:7)
  4 gnolls (D:2)
  6 adders
  A shadow imp (D:6)
  2 oozes
  An adder zombie (D:7)
  5 worms
  A dart slug (D:1)
  4 leopard geckos
  20 orcs
  5 bats
  5 giant cockroaches
  6 goblins
  7 hobgoblins
  2 jackals (D:6)
  6 quokkas
  4 ball pythons (Sewer)
  7 frilled lizards
  A jackal zombie (D:7)
  21 kobolds
  A quokka skeleton (D:7)
  A quokka zombie (D:8)
  12 rats
204 creatures vanquished.

Vanquished Creatures (collateral kills)
  An ice beast (D:5)
  An eye of draining (D:8)
  A bullfrog (D:8)
  A scorpion (D:4)
  Crazy Yiuf (D:4)
  An orc wizard (D:5)
  An orc (D:4)
  A jackal (D:6)
8 creatures vanquished.

Grand Total: 212 creatures vanquished

Notes
Turn   | Place    | Note
-------+----------+-------------------------------------------
     0 | D:1      | n0claF the Demonspawn Gladiator began the quest for the
                  | Orb.
     0 | D:1      | Reached XP level 1. HP: 16/16 MP: 1/1
   171 | D:1      | Gained mutation: You have large cloven feet. [demonic
                  | ancestry]
   171 | D:1      | Reached XP level 2. HP: 21/22 MP: 2/2
   352 | D:1      | You fall into a shaft and drop 1 floor!
   473 | D:1      | Reached XP level 3. HP: 25/27 MP: 3/3
   834 | D:2      | Noticed Terence
   864 | D:2      | Killed Terence
  1137 | D:2      | Reached skill level 1 in Armour
  1137 | D:2      | Gained mutation: When hurt, damage is shared between your
                  | health and your magic reserves. [demonic ancestry]
  1137 | D:2      | Reached XP level 4. HP: 32/33 MP: 4/4
  1455 | D:2      | Reached XP level 5. HP: 30/38 MP: 3/5
  1464 | D:2      | Reached skill level 5 in Long Blades
  1652 | D:2      | Reached XP level 6. HP: 23/44 MP: 3/6
  1803 | D:2      | Noticed Natasha
  1824 | D:2      | Killed Natasha
  1882 | D:2      | Found a glowing golden altar of the Shining One.
  2121 | D:2      | Noticed Natasha
  2129 | D:2      | Killed Natasha
  2242 | D:2      | Noticed Natasha
  2250 | D:2      | Killed Natasha
  2804 | D:3      | Found a shadowy altar of Dithmenos.
  2910 | D:3      | Noticed Ijyb
  2937 | D:3      | Killed Ijyb
  3166 | D:4      | Reached skill level 1 in Axes
  3327 | D:4      | Gained mutation: A weak demonic guardian rushes to your
                  | aid. [demonic ancestry]
  3327 | D:4      | Reached XP level 7. HP: 45/50 MP: 5/7
  3335 | D:4      | Found a sacrificial altar of Ru.
  3427 | D:4      | Found a glowing drain.
  3431 | Sewer    | Entered a sewer
  3978 | D:4      | Noticed Eustachio
  4293 | D:4      | Found a runed translucent door.
  4294 | D:4      | Noticed Crazy Yiuf
  4307 | D:4      | Killed Crazy Yiuf
  4475 | D:4      | Got a brightly glowing mace
  4478 | D:4      | Identified the +10 mace of Unpleasantness {venom, rPois
                  | Int+4} (You found it on level 4 of the Dungeon)
  4499 | D:4      | Got an iridescent mace
  4500 | D:4      | Identified the +11 mace of Huarch {protect, Fragile rF+
                  | rN+} (You found it on level 4 of the Dungeon)
  4522 | D:5      | Entered Level 5 of the Dungeon
  4753 | D:5      | Reached skill level 1 in Maces & Flails
  4969 | D:5      | Reached skill level 2 in Maces & Flails
  4969 | D:5      | Gained mutation: You have hoof-like feet. [demonic
                  | ancestry]
  4969 | D:5      | Reached XP level 8. HP: 56/56 MP: 8/8
  5344 | D:6      | Reached skill level 3 in Maces & Flails
  5395 | D:6      | Reached skill level 5 in Armour
  5448 | D:6      | Reached skill level 4 in Maces & Flails
  5519 | D:6      | Found a staircase to the Ecumenical Temple.
  5526 | Temple   | Entered the Ecumenical Temple
  5604 | Temple   | Became a worshipper of Qazlal Stormbringer
  5872 | D:6      | Reached skill level 5 in Maces & Flails
  6201 | D:7      | Found a shimmering blue altar of Sif Muna.
  6226 | D:7      | Noticed Caun's ghost (novice HOFi)
  6228 | D:7      | Found a transporter.
  6233 | D:7      | Found a transporter.
  6319 | D:7      | Found a glowing silver altar of Zin.
  6319 | D:7      | Found a shimmering altar of Xom.
  6319 | D:7      | Noticed an angel
  6510 | D:7      | Gained mutation: You are partially covered in molten
                  | scales. (AC +2) [demonic ancestry]
  6510 | D:7      | Reached XP level 9. HP: 52/61 MP: 9/9
  6517 | D:7      | Reached skill level 6 in Maces & Flails
  6656 | D:7      | Reached * piety under Qazlal
  7132 | D:8      | Found a bloodstained altar of Trog.
  7216 | D:8      | Reached skill level 7 in Maces & Flails
  7232 | D:8      | Noticed a three-headed hydra
  7247 | D:8      | Killed a three-headed hydra
  7247 | D:8      | Reached skill level 8 in Maces & Flails
  7252 | D:8      | Gained mutation: You are mostly covered in molten scales.
                  | (AC +3) [demonic ancestry]
  7252 | D:8      | Reached XP level 10. HP: 24/67 MP: 4/10
  7288 | D:8      | Reached skill level 9 in Maces & Flails
  7954 | D:8      | Found a staircase to the Lair.
  8026 | D:8      | Reached ** piety under Qazlal
  8226 | D:9      | Noticed a cyclops
  8245 | D:9      | Killed a cyclops
  8245 | D:9      | Reached skill level 10 in Maces & Flails
  8339 | D:9      | Noticed a gargoyle
  8362 | D:9      | Noticed a cyclops
  8366 | D:9      | Killed from afar by a gargoyle

Levels and vault maps discovered:
D:1:      erik_arrival_blinker_ship, layout_loops_ring,
          hangedman_decor_slide_cut, minmay_pentomino_p2
D:2:      layout_loops_ring, lemuel_round_altar, uniq_terence, uniq_natasha
D:3:      layout_rooms, first_ration, grunt_dithmenos_smoke, uniq_ijyb
D:4:      layout_basic, hangedman_ru_absence, gup_sewer_entry_spiral,
          hangedman_decor_lopped, grunt_ministairs_14, uniq_eustachio,
          uniq_crazy_yiuf_cottage
D:5:      layout_loops_corners, palyth_stone_intersect, minmay_misc_feat_hallway
D:6:      layout_cave_pods, minmay_temple_entry_trees
D:7:      layout_loops_corners, led_sif_book,
          grunt_temple_overflow_order_and_chaos_1, gammafunk_ghost_arena
D:8:      layout_basic, grunt_lair_entry_orc_guard_hut, hangedman_ranch
          [blue_anna_fruit_fields], trog_eyes_of_draining
D:9:      minmay_curly_fans, layout_stronghold, kennysheep_little_box
Temple:   eino_temple_rhombus

Skill      XL: |  1  2  3  4  5  6  7  8  9 10 |
---------------+-------------------------------+-----
Long Blades    | 3 4 5 |  5.9
Armour         | 1 2 3 4 5 7 8 |  8.3
Axes           | 2 3 |  3.7
Maces & Flails | 2 5 8 10 | 10.0
Fighting       | |  2.0
Throwing       | |  1.7
Dodging        | |  2.6

Action                   |  1- 3 |  4- 6 |  7- 9 | 10-12 || total
-------------------------+-------+-------+-------+-------++-------
Melee: Long sword        |    75 |    58 |       |       ||   133
       Kick              |    21 |    46 |    90 |    25 ||   182
       Battleaxe         |       |   106 |   106 |       ||   212
       Mace              |       |       |   181 |    73 ||   254
  Use: Scroll            |       |     5 |     9 |     1 ||    15
       Potion            |       |       |     1 |       ||     1
 Stab: Distracted        |       |       |     2 |       ||     2
  Eat: Chunk             |     1 |     7 |    12 |     1 ||    21
       Ration            |       |       |     1 |     1 ||     2
Armor: Leather armour    |    17 |       |       |       ||    17
       Chain mail        |     7 |   167 |   124 |       ||   298
       Plate armour      |       |       |    83 |    47 ||   130
Dodge: Dodged            |    51 |   130 |   118 |    25 ||   324
Block: Other             |       |       |     3 |     3 ||     6
       Rpst.: Long sword |    21 |    12 |       |       ||    33

Table legend:
 A = Non-vault XP
 B = Vault XP
 C = Vault XP percentage of total XP
 D = Non-vault monster count
 E = Vault monster count
 F = Vault count percentage of total count
                 A         B        C        D         E       F
            +---------+---------+-------+---------+---------+-------
      Total |    5255 |    3272 |  38.4 |     159 |      53 |  25.0
            +---------+---------+-------+---------+---------+-------
        D:1 |      40 |       2 |   4.8 |      21 |       1 |   4.5
        D:2 |     397 |      71 |  15.2 |      19 |       2 |   9.5
        D:3 |      69 |      33 |  32.4 |      20 |       1 |   4.8
        D:4 |     411 |      59 |  12.6 |      11 |       8 |  42.1
        D:5 |     389 |       0 |   0.0 |      17 |       0 |   0.0
        D:6 |     857 |       0 |   0.0 |      24 |       0 |   0.0
        D:7 |     874 |       0 |   0.0 |      21 |       0 |   0.0
        D:8 |    1238 |    2866 |  69.8 |      20 |      16 |  44.4
        D:9 |     980 |     124 |  11.2 |       6 |       1 |  14.3
      Sewer |       0 |     117 | 100.0 |       0 |      24 | 100.0
            +---------+---------+-------+---------+---------+-------
